 Dungeon Crawl Stone Soup version 0.30.0-20-g3615ddf2f0 (webtiles) character file.

Game seed: 13304692745947646810

451 qw the Chopper (level 7, -3/43 HPs)
             Began as a Gargoyle Fighter on May 27, 2023.
             Slain by Grinder (6 damage)
             ... on level 5 of the Dungeon.
             The game lasted 00:01:34 (4236 turns).

qw the Chopper (Gargoyle Fighter)                   Turns: 4236, Time: 00:01:35

Health: -3/43      AC: 15    Str: 22    XL:     7   Next: 4%
Magic:  7/7        EV:  8    Int:  8    God:
Gold:   313        SH:  4    Dex:  9    Spells: 6/6 levels left

rFire   . . .        Y - +0 war axe (freeze)
rCold   . . .        c - +0 buckler
rNeg    + . .        n - +0 chain mail
rPois   inf          k - +0 helmet
rElec   +            (no cloak)
rCorr   .            (no gloves)
SInv    .            (no boots)
Will    .....        (no amulet) Stlth
                     (no ring)
HPRegen 0.27/turn    (no ring)
MPRegen 0.10/turn

%: no passive effects
@: no status effects
A: sickness immunity, AC +4, negative energy resistance 1, electricity
resistance, torment resistance 1, petrification resistance
a: no special abilities


You were on level 5 of the Dungeon.
You visited 1 branch of the dungeon, and saw 5 of its levels.

You collected 313 gold pieces.


Innate Abilities, Weirdness & Mutations

You are immune to sickness and miasma.
Your stone body is resilient. (AC +4)
You are immune to poison.
You resist negative energy. (rN+)
You are resistant to electric shocks. (rElec)
You are resistant to unholy torment.
You are immune to petrification.


   Skills:
 - Level 4.1 Fighting
 - Level 6.0 Axes
 - Level 1.5 Throwing
 - Level 3.2 Armour
 + Level 0.0 Dodging
 - Level 3.2 Shields


You had 6 spell levels left.
You didn't know any spells.
Your spell library was empty.

Inventory:

Hand Weapons
 a - a +0 morningstar
 Y - a +0 war axe of freezing (weapon)
Missiles
 l - 3 javelins (quivered)
Armour
 c - a +0 buckler (worn)
 k - a +0 helmet (worn)
 n - a +0 chain mail (worn)
Scrolls
 h - a scroll of identify
Potions
 d - a potion of might
 f - a potion of attraction
 g - 2 potions of haste
 i - a potion of mutation
 o - a potion of cancellation {unknown}
 q - a potion of berserk rage {unknown}

Dungeon Overview and Level Annotations

Branches:
Dungeon (5/15)
 Temple: D:4-7

Altars:
Fedhas
Sif Muna
Trog
Zin

Shops:
D:3 :

Annotations:
D:5 Grinder


Message History

The hound bites you.
You closely miss the hound.
The hound is moderately wounded.
You block the hound's attack. The hound bites you but does no damage.
You slash the hound! You freeze the hound.
You kill the hound!
You closely miss Grinder. Grinder gestures at you.
Pain shoots through your body! Grinder barely misses you.
Your Axes skill increases to level 6!
You have reached level 7!
You barely miss Grinder. Grinder gestures at you.
Pain shoots through your body!
You barely miss Grinder. Grinder hits you.
You writhe in agony.
Grinder hits you!
You writhe in agony.
You barely miss Grinder.
You feel your willpower return.
Grinder blinks!
Grinder zaps a wand.
The puff of flame misses you.
You closely miss Grinder. Grinder gestures at you.
You suddenly lose the ability to move!
Grinder hits you but does no damage. Grinder barely misses you.
Grinder gestures at you. Pain shoots through your body!
Grinder hits you but does no damage.
You can move again.
You barely miss Grinder. Grinder hits you but does no damage.
Grinder zaps a wand.
The puff of flame hits you.
You hit Grinder but do no damage. Grinder hits you but does no damage.
You hit Grinder.
Grinder is lightly wounded.
Grinder says, "FISH!"
Grinder gestures at you. Pain shoots through your body!
Grinder hits you but does no damage.
You closely miss Grinder.
Grinder is lightly wounded.
Grinder hits you.
You die...

... .....#..#
###... .........
#.##.. #........
.....###........
##.>............
#....=..........
##..........$....
..!......@5......
###....<....#...
#(#.......# #
##......#
##........
#........
.....<....
#.........
#......).


You could see Grinder (fast).

Vanquished Creatures
  A centaur (D:4)
  A scorpion (D:4)
  An orc priest (D:4)
  2 hounds
  2 orc wizards (D:4)
  Terence (D:2)
  An iguana (D:4)
  A gnoll (D:1)
  4 adders
  2 dart slugs
  11 orcs
  6 ball pythons
  4 endoplasms
  4 giant cockroaches
  7 goblins
  8 hobgoblins
  3 quokkas
  2 bats
  A frilled lizard (D:3)
  3 kobolds
  2 rats
67 creatures vanquished.

Vanquished Creatures (others)
  A wizard (D:4)
1 creature vanquished.

Grand Total: 68 creatures vanquished

Notes
Turn   | Place    | Note
-------+----------+-------------------------------------------
     0 | D:1      | qw the Gargoyle Fighter began the quest for the Orb.
     0 | D:1      | Reached XP level 1. HP: 14/14 MP: 1/1
     0 | D:1      | 0 ||| qw: Version: 0.2-a-99-gce666ed
     0 | D:1      | 0 ||| qw: Game counter: 181
     0 | D:1      | 0 ||| qw: Always use a shield: true
     0 | D:1      | 0 ||| qw: God list: Okawaru
     0 | D:1      | 0 ||| qw: Allow faded altars: false
     0 | D:1      | 0 ||| qw: Do Orc after D:15 true
     0 | D:1      | 0 ||| qw: Do second Lair branch before Depths: true
     0 | D:1      | 0 ||| qw: Lair rune preference: random
     0 | D:1      | 0 ||| qw: Plans: Normal, Zot:1-4, God:TSO, Crypt, Tomb,
                  | Pan, Slime:5, Hells, Abyss, Win
     0 | D:1      | 0 ||| PLANNING D:1-11
    56 | D:1      | Reached skill level 2 in Axes
   279 | D:1      | Reached XP level 2. HP: 14/19 MP: 2/2
   456 | D:1      | Reached skill level 3 in Axes
   460 | D:1      | 460 ||| DROPPING +0 club.
   466 | D:1      | Found a faded altar of an unknown god.
   612 | D:1      | Reached XP level 3. HP: 23/23 MP: 3/3
   748 | D:1      | 748 ||| READING 3 scrolls labelled USAXUODUMU.
   749 | D:1      | 749 ||| READING scroll labelled TICRAH PYFFOUZ.
   750 | D:1      | 750 ||| DRINKING 2 bubbling amethyst potions.
   751 | D:1      | 751 ||| DRINKING 3 fuming orange potions.
   752 | D:1      | 752 ||| DROPPING 2 scrolls of noise.
  1361 | D:2      | Noticed Terence
  1366 | D:2      | Killed Terence
  1367 | D:2      | Reached skill level 1 in Throwing
  1367 | D:2      | Reached XP level 4. HP: 20/28 MP: 4/4
  1686 | D:2      | 1686 ||| UPGRADING to +0 helmet.
  1691 | D:2      | 1691 ||| UPGRADING to +0 chain mail.
  1701 | D:2      | 1701 ||| DROPPING +0 scale mail.
  1702 | D:2      | 1702 ||| READING scroll labelled WAUBIST WUTHIKK.
  1803 | D:2      | 1803 ||| READING scroll labelled IQU GABRAUSCH.
  1824 | D:2      | 1824 ||| DRINKING 2 black potions.
  1908 | D:3      | Found Wontul's Vocational Training.
  2015 | D:3      | Reached skill level 4 in Axes
  2329 | D:3      | Found a shimmering blue altar of Sif Muna.
  2417 | D:3      | Reached XP level 5. HP: 32/32 MP: 5/5
  2659 | D:3      | 2659 ||| Stepping ~*~*~tactically~*~*~ (hiding).
  2870 | D:3      | 2870 ||| READING 4 scrolls of identify.
  2870 | D:3      | 2870 ||| IDENTIFYING ruby potion
  2871 | D:3      | 2871 ||| READING 3 scrolls of identify.
  2871 | D:3      | 2871 ||| IDENTIFYING clear potion
  2872 | D:3      | 2872 ||| DROPPING potion of flight.
  2873 | D:3      | 2873 ||| DROPPING potion of brilliance.
  2928 | D:4      | 2928 ||| DRINKING 3 potions of curing.
  2928 | D:4      | 2928 ||| (to cure confusion)
  2935 | D:4      | 2935 ||| DRINKING 2 potions of curing.
  2935 | D:4      | 2935 ||| (to cure confusion)
  2936 | D:4      | 2936 ||| DRINKING potion of curing.
  2936 | D:4      | 2936 ||| (to cure confusion)
  3022 | D:4      | 3022 ||| DROPPING +0 whip.
  3137 | D:4      | 3137 ||| Stepping ~*~*~tactically~*~*~ (stealth).
  3139 | D:4      | 3139 ||| Stepping ~*~*~tactically~*~*~ (hiding).
  3166 | D:4      | Reached skill level 5 in Axes
  3174 | D:4      | Reached XP level 6. HP: 13/38 MP: 6/6
  3389 | D:4      | Found a bloodstained altar of Trog.
  3390 | D:4      | Noticed a wizard
  3396 | D:4      | Killed a wizard
  3472 | D:4      | Noticed an angel
  3473 | D:4      | Found a glowing silver altar of Zin.
  3670 | D:4      | Found a blossoming altar of Fedhas.
  3711 | D:4      | 3711 ||| Stepping ~*~*~tactically~*~*~ (hiding).
  3713 | D:4      | 3713 ||| FLEEEEING.
  3714 | D:4      | 3714 ||| FLEEEEING.
  4191 | D:4      | 4191 ||| DROPPING +0 scale mail of willpower.
  4192 | D:4      | 4192 ||| READING scroll labelled ORAMA SUET CIG.
  4193 | D:4      | 4193 ||| READING scroll labelled SAITWA WOUGA.
  4194 | D:4      | 4194 ||| READING scroll labelled WOGHAI IRISUY.
  4195 | D:4      | 4195 ||| READING scroll labelled SIPLUROUNUV.
  4196 | D:4      | 4196 ||| READING 2 scrolls of identify.
  4196 | D:4      | 4196 ||| IDENTIFYING silvery potion
  4217 | D:5      | Entered Level 5 of the Dungeon
  4217 | D:5      | Noticed Grinder
  4225 | D:5      | Reached skill level 6 in Axes
  4225 | D:5      | Reached XP level 7. HP: 35/43 MP: 7/7
  4230 | D:5      | Paralysed by Grinder for 3 turns
  4233 | D:5      | HP: 7/43 [Grinder/puff of flame (6)]
  4235 | D:5      | HP: 3/43 [Grinder/nerve-wracking pain (5)]
  4236 | D:5      | Slain by Grinder

Levels and vault maps discovered:
D:1:      ebering_trefoil_twist, layout_basic,
          hellmonk_ecumenical_altar_run_dry, kennysheep_small_spiral,
          minivault_14
D:2:      layout_basic, chequers_big_river, uniq_terence
D:3:      layout_basic, led_sif_pool, nicolae_shop_vocational
D:4:      layout_basic, zin_angel, trog_wizard, lemuel_round_altar,
          chequers_mini_garden
D:5:      layout_cave_pools, nicolae_overflow_hidden_temple, uniq_grinder,
          uniq_blork_the_orc

Skill      XL: |  1  2  3  4  5  6 |
---------------+-------------------+-----
Axes           | 2 3 4 5 6 |  6.0
Throwing       | 1 |  1.5
Fighting       | 4 |  4.1
Armour         | |  3.2
Shields        | |  3.2

Action                     |  1- 3 |  4- 6 |  7- 9 || total
---------------------------+-------+-------+-------++-------
  Melee: War axe           |    66 |   137 |     8 ||   211
  Throw: Javelin           |       |    52 |       ||    52
    Use: Scroll            |     2 |     9 |       ||    11
         Potion            |     2 |     4 |       ||     6
 Armour: Scale mail        |    24 |       |       ||    24
         Chain mail        |       |   108 |     5 ||   113
  Dodge: Dodged            |    23 |    53 |     2 ||    78
  Block: Buckler           |    10 |    27 |       ||    37

Table legend:
 A = Non-vault XP
 B = Vault XP
 C = Vault XP percentage of total XP
 D = Non-vault monster count
 E = Vault monster count
 F = Vault count percentage of total count
                 A         B        C        D         E       F
            +---------+---------+-------+---------+---------+-------
      Total |     609 |      36 |   5.6 |      66 |       1 |   1.5
            +---------+---------+-------+---------+---------+-------
        D:1 |      34 |       0 |   0.0 |      11 |       0 |   0.0
        D:2 |      16 |      36 |  69.2 |       9 |       1 |  10.0
        D:3 |      99 |       0 |   0.0 |      21 |       0 |   0.0
        D:4 |     418 |       0 |   0.0 |      24 |       0 |   0.0
        D:5 |      42 |       0 |   0.0 |       1 |       0 |   0.0
            +---------+---------+-------+---------+---------+-------
